[Event "42nd Olympiad Baku 2016 Open"]
[Site "Baku"]
[Date "2016.09.06"]
[Round "5.11"]
[White "Torre, Eugenio"]
[Black "Kobese, Watu"]
[Result "1-0"]
[ECO "A01"]
[WhiteElo "2447"]
[BlackElo "2350"]
[Annotator ""]
[PlyCount "101"]
[EventDate "2016.??.??"]
[EventType "team-tourn"]
[EventCountry "AZE"]
[SourceTitle "playchess.com"]
[Source "ChessBase"]
[WhiteTeam "Philippines"]
[BlackTeam "South Africa"]
[WhiteTeamCountry "PHI"]
[BlackTeamCountry "RSA"]
[TimeControl "40/5400+30:1800+30"]

1. b3 {(00:00)} Nf6 {(01:37)} 2. Bb2 {(00:00)} g6 {
(00:15)} 3. c4 {(05:11)} Bg7 {(00:11)} 4. g3 {(01:
00)} O-O {(00:36)} 5. Bg2 {(00:10)} d6 {(00:27)} 6. d4 {
(02:04)} Nbd7 {(06:07)} 7. Nf3 {(00:26)} c6 {(03:
12)} 8. O-O {(02:41)} Qa5 {(02:48)} 9. Nc3 {(17:09)} e5 {
(04:38)} 10. d5 {(05:03)} c5 {(05:16)} 11. e4 {(03:
37)} Qd8 {(03:17)} 12. Ne1 {(05:01)} h5 {(04:45)} 13. Nd3
{(01:58)} h4 {(00:20)} 14. g4 {(03:10)} a6 {(07:01]
} 15. h3 {(05:13)} Rb8 {(00:31)} 16. a4 {(01:44)} Bh6 {
(02:03)} 17. Bc1 {(05:43)} Bxc1 {(00:42)} 18. Qxc1 {
(00:09)} Nh7 {(00:36)} 19. Qe3 {(09:00)} Qg5 {(08:
04)} 20. Qxg5 {(00:44)} Nxg5 {(03:18)} 21. Rab1 {(01:42)}
f6 {(13:19)} 22. b4 {(01:02)} cxb4 {(09:22)} 23. Rxb4 {
(00:08)} b6 {(00:45)} 24. a5 {(01:00)} f5 {(07:54)}
25. gxf5 {(05:41)} gxf5 {(02:51)} 26. Rfb1 {(01:45)} fxe4
{(03:34)} 27. Nxe4 {(00:21)} Nxe4 {(00:11)} 28. Bxe4 {
(00:10)} Nf6 {(00:03)} 29. f3 {(05:40)} Nxe4 {(00:
16)} 30. fxe4 {(00:08)} Rb7 {(00:03)} 31. R1b2 {(04:31)}
Rg7+ {(01:36)} 32. Rg2 {(01:14)} bxa5 {(00:59)} 33. Rb6 {
(00:12)} Rf3 {(02:14)} 34. Rxd6 {(01:31)} Rxg2+ {(
03:21)} 35. Kxg2 {(00:10)} Rg3+ {(00:13)} 36. Kf2 {(00:19]
} Rxd3 {(00:21)} 37. Rd8+ {(00:08)} Kf7 {(00:04)} 38. Rxc8
{(00:06)} Rxh3 {(00:48)} 39. c5 {(00:28)} Rc3 {(00:
37)} 40. c6 {(00:00)} Ke7 {(00:00)} 41. Rc7+ {(02:55)} Kd8
{(07:25)} 42. Ra7 {(02:47)} Rc2+ {(00:20)} 43. Kg1 {
(00:13)} Rc5 {(03:10)} 44. Kh2 {(02:05)} Kc8 {(00:
44)} 45. Kh3 {(00:45)} Kb8 {(00:15)} 46. Rxa6 {(00:21)}
Kc7 {(00:33)} 47. Ra7+ {(02:23)} Kb6 {(00:59)} 48. Rb7+ {
(00:41)} Ka6 {(00:06)} 49. Rb1 {(03:45)} Rc4 {(02:
09)} 50. Rd1 {(01:36)} a4 {(00:10)} 51. d6 {(00:33)} 1-0

[Event "42nd Olympiad Baku 2016 Open"]
[Site "Baku"]
[Date "2016.09.06"]
[Round "5.27"]
[White "Torres Santiago, Jonathan"]
[Black "Darwish, Hashim"]
[Result "1-0"]
[ECO "B21"]
[WhiteElo "2126"]
[BlackElo "1766"]
[Annotator ""]
[PlyCount "53"]
[EventDate "2016.??.??"]
[EventType "team-tourn"]
[EventCountry "AZE"]
[SourceTitle "playchess.com"]
[Source "ChessBase"]
[WhiteTeam "Puerto Rico"]
[BlackTeam "Brunei"]
[WhiteTeamCountry "PUR"]
[BlackTeamCountry "BRN"]
[TimeControl "40/5400+30:1800+30"]

1. e4 {(01:02)} c5 {(01:12)} 2. d4 {(00:05)} cxd4 {
(00:07)} 3. c3 {(00:04)} d5 {(00:40)} 4. exd5 {(02:
08)} Qxd5 {(00:12)} 5. cxd4 {(00:11)} e5 {(00:39)} 6. Nf3
{(00:09)} Bg4 {(01:26)} 7. Nc3 {(07:04)} Bb4 {(04:
49)} 8. Qa4+ {(00:09)} Nc6 {(00:10)} 9. Qxb4 {(00:33)}
Nxb4 {(00:14)} 10. Nxd5 {(00:06)} Nxd5 {(02:30)} 11. Nxe5
{(01:31)} Ngf6 {(03:09)} 12. Bb5+ {(00:14)} Bd7 {(
00:15)} 13. Nxd7 {(00:15)} Nxd7 {(00:05)} 14. O-O {(00:15]
} a6 {(01:39)} 15. Re1+ {(00:17)} Kd8 {(00:43)} 16. Bc4 {
(00:13)} Nb4 {(00:36)} 17. Re2 {(13:32)} f6 {(00:
50)} 18. Bd2 {(00:32)} Nb6 {(10:58)} 19. Bb3 {(00:52)}
N4d5 {(00:33)} 20. a4 {(12:54)} a5 {(06:06)} 21. Rc1 {
(00:11)} Kd7 {(00:11)} 22. Rc5 {(00:24)} Rhc8 {(03:
15)} 23. Bxd5 {(02:46)} Rxc5 {(00:39)} 24. Be6+ {(00:06)}
Kc7 {(02:36)} 25. dxc5 {(00:38)} Nxa4 {(00:21)} 26. Be3 {
(01:27)} Rd8 {(02:24)} 27. Bb3 {(00:22)} 1-0

[Event "42nd Olympiad Baku 2016 Open"]
[Site "Baku"]
[Date "2016.09.06"]
[Round "5.2"]
[White "Utegaliyev, Azamat"]
[Black "El Debs, Felipe de Cresce"]
[Result "1-0"]
[ECO "B38"]
[WhiteElo "2513"]
[BlackElo "2523"]
[Annotator ""]
[PlyCount "133"]
[EventDate "2016.??.??"]
[EventType "team-tourn"]
[EventCountry "AZE"]
[SourceTitle "playchess.com"]
[Source "ChessBase"]
[WhiteTeam "Kazakhstan"]
[BlackTeam "Brazil"]
[WhiteTeamCountry "KAZ"]
[BlackTeamCountry "BRA"]
[TimeControl "40/5400+30:1800+30"]

1. e4 {(00:00)} c5 {(00:00)} 2. Nf3 {(00:00)} g6 {(
00:00)} 3. d4 {(02:36)} cxd4 {(00:17)} 4. Nxd4 {(00:09)}
Bg7 {(00:06)} 5. c4 {(00:19)} Nc6 {(00:11)} 6. Be3 {
(00:09)} Nf6 {(00:12)} 7. Nc3 {(00:03)} d6 {(00:08]
} 8. Be2 {(00:32)} O-O {(00:10)} 9. O-O {(00:16)} Nxd4 {
(00:09)} 10. Bxd4 {(00:04)} Bd7 {(00:07)} 11. Qd2 {
(02:24)} Bc6 {(00:17)} 12. f3 {(00:26)} a5 {(00:59]
} 13. b3 {(00:43)} Nd7 {(00:14)} 14. Be3 {(01:03)} Nc5 {
(00:23)} 15. Rab1 {(00:12)} Be5 {(02:12)} 16. Rfd1 {
(03:53)} e6 {(00:16)} 17. Bd4 {(00:06)} Qe7 {(02:
52)} 18. Qe3 {(02:19)} Rfd8 {(09:00)} 19. Bf1 {(07:11)} h5
{(09:20)} 20. Rd2 {(05:13)} Kg7 {(07:30)} 21. Rbd1 {
(01:29)} Bxd4 {(00:40)} 22. Rxd4 {(00:29)} e5 {(00:
24)} 23. R4d2 {(00:07)} Ne6 {(05:05)} 24. a3 {(10:08)} Qc7
{(11:20)} 25. Ne2 {(21:41)} Be8 {(01:40)} 26. Nc1 {
(13:27)} Qc5 {(06:46)} 27. Qxc5 {(06:20)} dxc5 {(
00:12)} 28. Rxd8 {(00:11)} Rxd8 {(00:16)} 29. Rxd8 {(01:
23)} Nxd8 {(00:08)} 30. Nd3 {(06:53)} Ne6 {(00:08)} 31.
Nxe5 {(01:08)} Nd4 {(00:11)} 32. Nd3 {(01:43)} Nxb3 {
(00:17)} 33. h4 {(00:03)} b6 {(02:01)} 34. Nf4 {(
01:31)} Kf6 {(13:14)} 35. Kf2 {(01:37)} Ke5 {(06:15)} 36.
Ke3 {(01:12)} Nd4 {(10:53)} 37. Nd5 {(01:50)} Nc2+ {
(08:41)} 38. Kd3 {(00:29)} Nxa3 {(00:07)} 39. f4+ {
(00:06)} Kd6 {(00:07)} 40. Nxb6 {(00:00)} Bc6 {(00:
00)} 41. e5+ {(06:16)} Kc7 {(04:38)} 42. Nd5+ {(00:23)}
Kd8 {(02:13)} 43. Nc3 {(02:46)} Bd7 {(01:04)} 44. Kd2 {
(06:00)} Be6 {(04:57)} 45. Nd5 {(00:08)} Nb5 {(00:
09)} 46. Nb6 {(00:58)} Nc7 {(03:30)} 47. Na4 {(02:22)} Na6
{(00:11)} 48. Kc3 {(00:03)} Bd7 {(02:44)} 49. Kb3 {
(00:17)} Bc6 {(01:34)} 50. g3 {(00:20)} Bf3 {(02:
03)} 51. Nc3 {(03:15)} Bc6 {(00:28)} 52. Bd3 {(04:09)} Nc7
{(02:32)} 53. Be4 {(01:34)} Kd7 {(04:03)} 54. Bd5 {
(05:59)} Ne6 {(00:20)} 55. Ne4 {(00:59)} Nd4+ {(00:
14)} 56. Kb2 {(01:26)} Ne6 {(00:26)} 57. Ka3 {(00:08)} Kc7
{(06:56)} 58. Bxe6 {(05:39)} fxe6 {(00:08)} 59. Nxc5 {
(00:12)} Bg2 {(03:05)} 60. Nxe6+ {(00:55)} Kc6 {(
00:05)} 61. Ka4 {(01:38)} Bf1 {(00:10)} 62. Nf8 {(02:41)}
Bxc4 {(00:47)} 63. Nxg6 {(00:58)} Kd5 {(00:43)} 64. Kxa5 {
(01:35)} Ke4 {(00:29)} 65. Kb4 {(00:40)} Bd3 {(00:
50)} 66. e6 {(00:37)} Kd5 {(00:08)} 67. Ne5 {(00:03)} 1-0

[Event "42nd Olympiad Baku 2016 Open"]
[Site "Baku"]
[Date "2016.09.06"]
[Round "5.29"]
[White "Vakhidov, Jahongir"]
[Black "Matoewi, Roger"]
[Result "1-0"]
[ECO "A80"]
[WhiteElo "2583"]
[BlackElo "2042"]
[Annotator ""]
[PlyCount "69"]
[EventDate "2016.??.??"]
[EventType "team-tourn"]
[EventCountry "AZE"]
[SourceTitle "playchess.com"]
[Source "ChessBase"]
[WhiteTeam "Uzbekistan"]
[BlackTeam "Surinam"]
[WhiteTeamCountry "UZB"]
[BlackTeamCountry "SUR"]
[TimeControl "40/5400+30:1800+30"]

1. d4 {(00:00)} f5 {(00:10)} 2. Nf3 {(00:00)} Nf6 {
(00:29)} 3. g3 {(00:14)} g6 {(04:20)} 4. Bg2 {(00:
21)} Bg7 {(00:12)} 5. O-O {(00:21)} O-O {(00:12)} 6. b3 {
(00:41)} c6 {(01:20)} 7. Bb2 {(00:23)} d6 {(00:05)}
8. c4 {(00:27)} Na6 {(00:12)} 9. Qc2 {(01:45)} Kh8 {
(01:14)} 10. a3 {(01:10)} Be6 {(01:45)} 11. Nbd2 {(
00:50)} d5 {(05:32)} 12. Ne5 {(01:20)} Nc7 {(01:37)} 13.
Rac1 {(01:49)} Qe8 {(06:48)} 14. f3 {(12:49)} Bg8 {
(09:48)} 15. e4 {(01:08)} e6 {(07:48)} 16. Rfe1 {(
04:31)} dxe4 {(07:40)} 17. fxe4 {(00:25)} Ng4 {(00:42)}
18. Nxg4 {(01:22)} fxg4 {(00:07)} 19. e5 {(00:33)} Qe7 {
(11:18)} 20. Ne4 {(02:02)} Ne8 {(03:46)} 21. Rcd1 {
(03:57)} Rf5 {(04:01)} 22. Nf2 {(01:19)} h5 {(00:
44)} 23. Be4 {(00:23)} Nc7 {(01:17)} 24. Nd3 {(00:51)}
Raf8 {(01:25)} 25. Bxf5 {(00:24)} Rxf5 {(02:17)} 26. Rf1 {
(00:50)} h4 {(09:33)} 27. Qe2 {(00:28)} Qg5 {(01:
07)} 28. Bc1 {(00:14)} Qh5 {(03:15)} 29. Nf4 {(05:02)} Qh7
{(01:25)} 30. Qxg4 {(00:34)} g5 {(00:26)} 31. Nh5 {
(00:31)} Bh6 {(04:33)} 32. Nf6 {(01:05)} Qg6 {(01:
12)} 33. gxh4 {(00:31)} Bf7 {(01:15)} 34. hxg5 {(01:48)}
Rxf1+ {(03:08)} 35. Rxf1 {(00:25)} 1-0

[Event "42nd Olympiad Baku 2016 Open"]
[Site "Baku"]
[Date "2016.09.06"]
[Round "5.3"]
[White "Valdes Romero, Leonardo"]
[Black "Malisauskas, Vidmantas"]
[Result "1-0"]
[ECO "A49"]
[WhiteElo "2387"]
[BlackElo "2434"]
[Annotator ""]
[PlyCount "47"]
[EventDate "2016.??.??"]
[EventType "team-tourn"]
[EventCountry "AZE"]
[SourceTitle "playchess.com"]
[Source "ChessBase"]
[WhiteTeam "Costa Rica"]
[BlackTeam "Lithuania"]
[WhiteTeamCountry "CRI"]
[BlackTeamCountry "LTU"]
[TimeControl "40/5400+30:1800+30"]

1. d4 {(00:00)} Nf6 {(00:00)} 2. Nf3 {(00:00)} g6 {
(00:00)} 3. g3 {(00:00)} Bg7 {(00:05)} 4. Bg2 {(00:
00)} d5 {(00:10)} 5. O-O {(00:18)} O-O {(00:06)} 6. c4 {
(00:11)} dxc4 {(00:11)} 7. Na3 {(00:12)} c3 {(00:
06)} 8. bxc3 {(00:05)} c5 {(00:06)} 9. Ne5 {(00:21)} Nc6 {
(00:09)} 10. Nac4 {(00:12)} Nd5 {(00:18)} 11. Nxc6 {
(00:07)} bxc6 {(00:25)} 12. Bd2 {(00:05)} Be6 {(05:
31)} 13. Ne5 {(15:19)} Rc8 {(04:48)} 14. c4 {(14:40)} Nb6
{(01:03)} 15. Nxc6 {(00:38)} Rxc6 {(01:44)} 16. Bxc6 {
(00:09)} Qxd4 {(00:15)} 17. Rc1 {(03:03)} Bxc4 {(
02:53)} 18. Bc3 {(18:47)} Qd6 {(10:44)} 19. Bf3 {(05:51)}
Qe6 {(03:01)} 20. Bxg7 {(01:40)} Kxg7 {(00:08)} 21. Rc3 {
(02:56)} Rc8 {(07:42)} 22. Qc2 {(06:51)} Bxa2 {(00:
12)} 23. Re3 {(02:20)} Qc4 {(00:49)} 24. Qb2+ {(00:07)}
1-0

[Event "42nd Olympiad Baku 2016 Open"]
[Site "Baku"]
[Date "2016.09.06"]
[Round "5.12"]
[White "Valenzuela Fuentealba, Luis"]
[Black "Mayed AlRashedi"]
[Result "1-0"]
[ECO "E63"]
[WhiteElo "2439"]
[BlackElo "2054"]
[Annotator ""]
[PlyCount "47"]
[EventDate "2016.??.??"]
[EventType "team-tourn"]
[EventCountry "AZE"]
[SourceTitle "playchess.com"]
[Source "ChessBase"]
[WhiteTeam "Chile"]
[BlackTeam "United Arab Emirates"]
[WhiteTeamCountry "CHI"]
[BlackTeamCountry "UAE"]
[TimeControl "40/5400+30:1800+30"]

1. d4 {(00:00)} Nf6 {(00:00)} 2. Nf3 {(00:00)} g6 {
(00:00)} 3. c4 {(00:00)} Bg7 {(00:00)} 4. g3 {(00:
22)} O-O {(00:05)} 5. Bg2 {(00:05)} d6 {(00:05)} 6. O-O {
(00:20)} Nc6 {(00:27)} 7. Nc3 {(00:53)} a6 {(00:16]
} 8. Bf4 {(10:03)} Rb8 {(03:13)} 9. Rc1 {(01:25)} Nh5 {
(13:09)} 10. Be3 {(08:10)} e5 {(07:55)} 11. dxe5 {(
21:28)} dxe5 {(00:17)} 12. Bc5 {(00:11)} Re8 {(00:40)} 13.
Qxd8 {(08:32)} Rxd8 {(01:38)} 14. Rfd1 {(04:31)} Be6 {
(07:43)} 15. Nd5 {(02:01)} b6 {(07:52)} 16. Be3 {(
08:04)} h6 {(06:06)} 17. Nxc7 {(03:27)} Rxd1+ {(26:49)}
18. Rxd1 {(00:18)} Bxc4 {(01:28)} 19. Rc1 {(09:50)} Na5 {
(02:26)} 20. b4 {(00:18)} Bxa2 {(00:04)} 21. bxa5 {
(00:12)} bxa5 {(00:06)} 22. Nxa6 {(00:31)} Rb2 {(
06:31)} 23. Nc5 {(11:48)} Rxe2 {(01:34)} 24. Nd2 {(00:26)}
1-0

[Event "42nd Olympiad Baku 2016 Open"]
[Site "Baku"]
[Date "2016.09.06"]
[Round "5.21"]
[White "Vallejo Pons, Francisco"]
[Black "Jobava, Baadur"]
[Result "0-1"]
[ECO "A05"]
[WhiteElo "2716"]
[BlackElo "2665"]
[Annotator ""]
[PlyCount "100"]
[EventDate "2016.??.??"]
[EventType "team-tourn"]
[EventCountry "AZE"]
[SourceTitle "playchess.com"]
[Source "ChessBase"]
[WhiteTeam "Spain"]
[BlackTeam "Georgia"]
[WhiteTeamCountry "ESP"]
[BlackTeamCountry "GEO"]
[TimeControl "40/5400+30:1800+30"]

1. Nf3 {(00:00)} Nf6 {(00:00)} 2. c4 {(00:00)} g6 {
(00:31)} 3. Nc3 {(00:00)} Bg7 {(00:04)} 4. e4 {(00:
45)} O-O {(00:12)} 5. d4 {(00:06)} c6 {(00:04)} 6. Be2 {
(02:20)} d5 {(00:14)} 7. e5 {(00:35)} Ne8 {(00:07)}
8. h4 {(00:14)} h5 {(02:57)} 9. Ng5 {(01:19)} f6 {(
00:31)} 10. exf6 {(01:09)} exf6 {(00:05)} 11. Nh3 {(00:07]
} Bxh3 {(01:39)} 12. Rxh3 {(00:03)} f5 {(02:36)} 13. Bg5 {
(05:37)} Qd7 {(15:34)} 14. Kf1 {(03:55)} Nc7 {(06:
46)} 15. Re3 {(28:20)} Nba6 {(03:09)} 16. cxd5 {(05:53)}
cxd5 {(07:39)} 17. Bxa6 {(12:22)} bxa6 {(01:36)} 18. Re7 {
(01:12)} Qd6 {(02:48)} 19. Qf3 {(01:19)} Rfe8 {(04:
28)} 20. Rae1 {(03:27)} Rxe7 {(00:42)} 21. Rxe7 {(00:42)}
Rc8 {(01:16)} 22. Qf4 {(15:46)} Qc6 {(02:05)} 23. Kg1 {
(00:49)} Bf8 {(02:55)} 24. Re3 {(01:35)} Bd6 {(03:
07)} 25. Qf3 {(00:18)} Nb5 {(00:18)} 26. g3 {(04:32)} Nxd4
{(01:44)} 27. Qd1 {(00:32)} f4 {(12:25)} 28. gxf4 {
(00:29)} Nf5 {(00:46)} 29. Re6 {(00:59)} Kf7 {(00:
30)} 30. Rf6+ {(01:09)} Kg7 {(00:27)} 31. Rxf5 {(05:12)}
gxf5 {(00:04)} 32. Qd4+ {(00:03)} Kg8 {(05:57)} 33. Nxd5 {
(00:01)} Qb7 {(12:47)} 34. Qd1 {(00:23)} Rc6 {(02:
17)} 35. b4 {(05:03)} Kf8 {(02:41)} 36. Bh6+ {(00:51)} Kf7
{(00:14)} 37. Qxh5+ {(00:51)} Ke6 {(00:04)} 38. Qf3 {
(00:28)} Rc4 {(00:44)} 39. Qg2 {(00:31)} Qh7 {(05:
01)} 40. Ne3 {(00:00)} Rc1+ {(00:00)} 41. Kh2 {(00:38)}
Bxf4+ {(00:24)} 42. Kh3 {(01:03)} Bxh6 {(07:25)} 43. Qd5+
{(02:56)} Kf6 {(01:31)} 44. Qd6+ {(08:47)} Kg7 {(
01:48)} 45. Nd5 {(01:56)} Qg6 {(02:59)} 46. Qe5+ {(02:34)}
Kh7 {(00:15)} 47. Nf6+ {(03:03)} Kh8 {(00:06)} 48. Ne4+ {
(06:03)} Qg7 {(00:03)} 49. Qe8+ {(01:24)} Qf8 {(00:
06)} 50. Qe5+ {(00:30)} Bg7 {(00:04)} 0-1

[Event "42nd Olympiad Baku 2016 Open"]
[Site "Baku"]
[Date "2016.09.06"]
[Round "5.12"]
[White "Van den Heever, Donovan"]
[Black "Barcenilla, Rogelio"]
[Result "0-1"]
[ECO "C50"]
[WhiteElo "2247"]
[BlackElo "2455"]
[Annotator ""]
[PlyCount "212"]
[EventDate "2016.??.??"]
[EventType "team-tourn"]
[EventCountry "AZE"]
[SourceTitle "playchess.com"]
[Source "ChessBase"]
[WhiteTeam "South Africa"]
[BlackTeam "Philippines"]
[WhiteTeamCountry "RSA"]
[BlackTeamCountry "PHI"]
[TimeControl "40/5400+30:1800+30"]

1. e4 {(00:00)} e5 {(00:00)} 2. Nf3 {(00:00)} Nc6 {
(00:00)} 3. Bc4 {(00:02)} Be7 {(00:00)} 4. O-O {(
02:58)} Nf6 {(00:00)} 5. d3 {(00:21)} O-O {(00:03)} 6. Bb3
{(01:40)} d6 {(00:05)} 7. h3 {(05:15)} Na5 {(00:19]
} 8. Ba4 {(00:48)} c5 {(00:07)} 9. a3 {(00:43)} a6 {
(00:34)} 10. c4 {(00:21)} Rb8 {(03:24)} 11. Nc3 {(
04:09)} Nc6 {(01:31)} 12. b4 {(13:26)} cxb4 {(00:58)} 13.
axb4 {(05:12)} Nxb4 {(00:07)} 14. Rb1 {(01:09)} a5 {
(00:06)} 15. Ba3 {(07:54)} Na6 {(00:11)} 16. d4 {(
00:51)} Nb4 {(18:25)} 17. Qe2 {(11:42)} exd4 {(05:42)} 18.
Nxd4 {(00:08)} Bd7 {(00:08)} 19. Bxd7 {(04:31)} Qxd7 {
(00:37)} 20. Nf5 {(00:23)} Rfe8 {(00:08)} 21. Rfd1 {
(02:56)} Bf8 {(00:41)} 22. Qf3 {(04:42)} Qc6 {(13:
01)} 23. Bxb4 {(19:12)} axb4 {(00:18)} 24. Nd5 {(01:30)}
Nxd5 {(05:25)} 25. cxd5 {(04:08)} Qc5 {(12:47)} 26. Rdc1 {
(01:13)} Qb6 {(00:26)} 27. Rc4 {(01:15)} g6 {(03:
11)} 28. Rcxb4 {(00:51)} Qc7 {(03:36)} 29. Ne3 {(02:28)}
Bg7 {(00:44)} 30. Rc4 {(01:52)} Qd8 {(00:24)} 31. Qd1 {
(00:45)} h5 {(04:43)} 32. Rcb4 {(01:01)} Re7 {(00:
20)} 33. Qd3 {(00:12)} Qe8 {(01:17)} 34. g3 {(01:10)} Rc8
{(00:25)} 35. R1b3 {(01:13)} b5 {(12:40)} 36. Kg2 {
(00:34)} Rc5 {(00:19)} 37. Rxb5 {(00:45)} Rxb5 {(
00:22)} 38. Qxb5 {(00:12)} Qxb5 {(00:21)} 39. Rxb5 {(00:
03)} Rxe4 {(00:06)} 40. Kf3 {(00:00)} Rd4 {(00:00)} 41.
Rb8+ {(08:44)} Bf8 {(01:05)} 42. g4 {(01:38)} hxg4+ {
(04:05)} 43. hxg4 {(00:15)} Kg7 {(00:43)} 44. Re8 {
(00:50)} f6 {(06:41)} 45. Re4 {(07:16)} Rd2 {(00:
30)} 46. Ra4 {(00:40)} Be7 {(01:34)} 47. Kg3 {(05:46)} Bd8
{(04:37)} 48. Ra6 {(02:28)} Kf8 {(03:33)} 49. f4 {(
00:10)} Rd3 {(06:40)} 50. Kf3 {(00:26)} Ke7 {(00:21)} 51.
Ke4 {(00:32)} Rc3 {(01:56)} 52. Kd4 {(05:08)} Rc1 {
(00:51)} 53. Ra7+ {(01:44)} Bc7 {(00:55)} 54. Nc4 {
(00:43)} Kd8 {(01:35)} 55. Ra8+ {(00:11)} Kd7 {(00:
07)} 56. Rg8 {(00:52)} Rd1+ {(00:18)} 57. Ke4 {(00:53)}
f5+ {(00:09)} 58. gxf5 {(01:23)} gxf5+ {(00:07)} 59. Kxf5
{(00:08)} Rxd5+ {(00:11)} 60. Ke4 {(00:32)} Rd1 {(
00:17)} 61. Rg7+ {(01:02)} Kc6 {(00:11)} 62. Ne3 {(00:48)}
Re1 {(01:40)} 63. Kd3 {(00:26)} Bb6 {(01:06)} 64. Nc4 {
(00:28)} Bc5 {(00:51)} 65. Rg6 {(00:13)} Rd1+ {(01:
03)} 66. Ke2 {(00:47)} Rd4 {(01:29)} 67. Ne5+ {(00:13)}
Kd5 {(00:10)} 68. Nd3 {(00:09)} Re4+ {(00:28)} 69. Kd2 {
(01:20)} Bd4 {(00:39)} 70. Rg8 {(01:04)} Bb6 {(01:
12)} 71. Rc8 {(00:17)} Ba5+ {(00:26)} 72. Kc2 {(00:30)}
Kd4 {(03:12)} 73. Nc1 {(00:14)} Bb4 {(00:49)} 74. f5 {
(00:30)} Re3 {(03:45)} 75. f6 {(00:57)} Rf3 {(00:
24)} 76. Rh8 {(00:29)} Rf2+ {(01:35)} 77. Kb3 {(00:07)}
Bd2 {(00:22)} 78. Rh4+ {(00:33)} Kd5 {(00:13)} 79. Rh5+ {
(00:52)} Ke6 80. Nd3 {(00:24)} Rxf6 {(00:33)} 81. Kc2 {
(00:18)} Be3 {(00:25)} 82. Nb4 {(00:28)} Rg6 {(01:
50)} 83. Nd5 {(00:51)} Bg5 {(00:14)} 84. Nc3 {(00:17)} Bf6
{(00:14)} 85. Nd5 {(00:32)} Be5 {(00:11)} 86. Nc7+ {
(00:20)} Kd7 {(00:13)} 87. Nb5 {(00:40)} Kc6 {(00:
12)} 88. Nxd6 {(00:30)} Kxd6 {(00:05)} 89. Kd3 {(00:25)}
Kd5 {(00:10)} 90. Rh4 {(00:32)} Rg2 {(01:14)} 91. Ra4 {
(00:43)} Rg3+ {(00:12)} 92. Ke2 {(00:08)} Bd4 {(00:
11)} 93. Ra8 {(00:46)} Re3+ {(00:14)} 94. Kd2 {(00:07)}
Rb3 {(00:12)} 95. Re8 {(00:56)} Be5 {(00:20)} 96. Kc2 {
(00:30)} Re3 {(00:10)} 97. Kd2 {(00:37)} Rh3 {(00:
26)} 98. Rd8+ {(00:20)} Ke4 {(00:09)} 99. Kc2 {(00:25)}
Rc3+ {(00:07)} 100. Kd2 {(00:10)} Rb3 {(00:05)} 101. Ke2 {
(00:30)} Rh3 {(00:12)} 102. Rf8 {(00:15)} Rh7 {(00:
12)} 103. Re8 {(01:17)} Rh2+ {(00:09)} 104. Kf1 {(00:32)}
Kf3 {(00:22)} 105. Ke1 {(00:30)} Bf4 {(00:19)} 106. Rf8 {
(00:28)} Rh1# {(00:03)} 0-1

[Event "42nd Olympiad Baku 2016 Open"]
[Site "Baku"]
[Date "2016.09.06"]
[Round "5.7"]
[White "Van Wely, Loek"]
[Black "Zhigalko, Andrey"]
[Result "1/2-1/2"]
[ECO "D41"]
[WhiteElo "2674"]
[BlackElo "2591"]
[Annotator ""]
[PlyCount "71"]
[EventDate "2016.??.??"]
[EventType "team-tourn"]
[EventCountry "AZE"]
[SourceTitle "playchess.com"]
[Source "ChessBase"]
[WhiteTeam "Netherlands"]
[BlackTeam "Belarus"]
[WhiteTeamCountry "NED"]
[BlackTeamCountry "BLR"]
[TimeControl "40/5400+30:1800+30"]

1. Nf3 {(00:00)} d5 {(01:56)} 2. d4 {(00:16)} Nf6 {
(00:08)} 3. c4 {(00:12)} e6 {(00:06)} 4. Nc3 {(00:
52)} c5 {(00:21)} 5. cxd5 {(01:39)} cxd4 {(00:15)} 6. Qxd4
{(02:15)} exd5 {(00:14)} 7. e4 {(00:12)} Nc6 {(00:
17)} 8. Bb5 {(00:09)} dxe4 {(00:13)} 9. Qxd8+ {(01:44)}
Kxd8 {(00:05)} 10. Ng5 {(00:17)} Be6 {(00:06)} 11. O-O {
(10:35)} Bb4 {(01:43)} 12. Ncxe4 {(04:25)} Nxe4 {(
00:13)} 13. Nxe4 {(00:08)} Ke7 {(00:38)} 14. Be3 {(05:21)}
Rhd8 {(00:55)} 15. Nc5 {(20:10)} Bxc5 {(00:19)} 16. Bxc5+
{(00:08)} Kf6 {(00:04)} 17. Rfc1 {(05:23)} Nd4 {(
39:08)} 18. Bf1 {(00:36)} Rac8 {(01:11)} 19. b3 {(01:21)}
b6 {(01:11)} 20. Ba3 {(00:21)} Nc2 {(13:13)} 21. Bb2+ {
(00:09)} Ke7 {(05:49)} 22. Rab1 {(00:27)} f6 {(00:
44)} 23. Rd1 {(05:38)} a5 {(03:53)} 24. h4 {(13:48)} h6 {
(08:35)} 25. Be2 {(16:50)} Nb4 {(05:03)} 26. Re1 {(
01:43)} Nxa2 {(11:27)} 27. Bc4 {(01:06)} Rd6 {(00:57)} 28.
Ba3 {(03:07)} Nb4 {(00:05)} 29. Bxb4 {(00:42)} axb4 {
(00:01)} 30. Ra1 {(01:05)} Rcc6 {(02:34)} 31. Ra4 {
(02:11)} Kf7 {(02:05)} 32. Rxe6 {(02:05)} Rxe6 {(
00:03)} 33. Rxb4 {(00:15)} Rxc4 {(01:15)} 34. Rxc4 {(00:
10)} Re5 {(00:55)} 35. g4 {(00:49)} h5 {(00:22)} 36. Kg2 {
(00:43)} 1/2-1/2